 Dungeon Crawl Stone Soup version 0.31.0-11-ge490571c62 (webtiles) character file.

Game seed: 3281969977005948645

484 Minsecho the Apothecary (level 7, -12/44 HPs)
             Began as an Octopode Alchemist on Feb 8, 2024.
             Mangled by a gnoll
             ... wielding a +0 halberd
              (13 damage)
             ... on level 5 of the Dungeon.
             The game lasted 00:10:00 (3794 turns).

Minsecho the Apothecary (Octopode Alchemist)        Turns: 3794, Time: 00:10:01

Health: -12/44     AC:  1    Str: 15    XL:     7   Next: 12%
Magic:  3/11       EV: 13    Int: 27    God:
Gold:   123        SH:  5    Dex: 15    Spells: 1/11 levels left

rFire   . . .        i - +6 spear of Impeachment {speed, Int+3 Dex+3}
rCold   . . .        (no shield)
rNeg    . . .        (helmet restricted)
rPois   +            y - amulet of reflection
rElec   .            t - +6 ring of intelligence
rCorr   .            w - +6 ring of strength
SInv    .            B - ring of poison resistance
Will    .....        (no ring)
Stlth   ++++         (no ring)
HPRegen 0.27/turn    (no ring)
MPRegen 0.12/turn    (no ring)
                     (no ring)

%: reflection
@: attractive
A: almost no armour, amphibious, 8 rings, camouflage 1, gelatinous body 1,
(nimble swimmer 1), tentacles
a: no special abilities


You were on level 5 of the Dungeon.
You visited 1 branch of the dungeon, and saw 5 of its levels.

You collected 123 gold pieces.

Inventory:

Hand Weapons
 i - the +6 spear of Impeachment (weapon) {speed, Int+3 Dex+3}
   (You found it on level 2 of the Dungeon)

   Int+3:     It affects your intelligence (+3).
   Dex+3:     It affects your dexterity (+3).
Missiles
 c - 2 atropa-tipped darts
 q - 9 poisoned darts
 v - a throwing net
Armour
 A - an orb of mayhem
Jewellery
 f - an amulet of the acrobat
 h - an amulet of regeneration
 t - a +6 ring of intelligence (left tentacle)
 w - a +6 ring of strength (right tentacle)
 y - an amulet of reflection (around mantle)
 B - a ring of poison resistance (on tentacle)
Talismans
 g - a blade talisman
Scrolls
 d - 2 scrolls of enchant armour
 k - a scroll of vulnerability
 m - a scroll of torment {unknown}
 n - a scroll of teleportation {unknown}
 p - a scroll of brand weapon {unknown}
 r - a scroll of immolation {unknown}
 u - a scroll of fear {unknown}
 x - a scroll of poison {unknown}
 z - a scroll of silence {unknown}
 C - a scroll of blinking {unknown}
 D - a scroll of noise {unknown}
Potions
 a - a potion of magic
 b - a potion of attraction
 j - a potion of invisibility
 l - a potion of ambrosia
 o - 3 potions of haste
 s - a potion of curing


   Skills:
 + Level 1.9 Fighting
 + Level 2.0 Polearms
 + Level 0.4 Throwing
 + Level 2.4 Dodging
 + Level 4.7 Stealth
 + Level 1.4 Unarmed Combat
 + Level 2.8 Spellcasting
 + Level 1.8 Conjurations
 * Level 5.1 Alchemy
 * Level 1.9 Shapeshifting


You had one spell level left.
You knew the following spells:

 Your Spells              Type           Power      Damage    Failure   Level
a - Sting                 Conj/Alch      88%        1d8       2%          1
b - Mercury Vapours       Alch/Air       34%        N/A       4%          2
c - Mephitic Cloud        Conj/Alch/Air  16%        N/A       11%         3
d - Olgreb's Toxic Radia  Alch           31%        N/A       11%         4

Your spell library contained the following spells:

 Spells                   Type           Power      Damage    Failure   Level
 Call Imp                 Summ           6%         N/A       14%         2
 Lesser Beckoning         Tloc           6%         N/A       14%         2
 Sublimation of Blood     Necr           3%         N/A       14%         2
 Gell's Gravitas          Tloc           3%         N/A       26%         3
 Teleport Other           Tloc           3%         N/A       26%         3
 Sticky Flame             Fire/Alch      17%        2d5       30%         4
 Summon Hydra             Summ           1%         N/A       100%        7


Dungeon Overview and Level Annotations

Branches:
Dungeon (5/15)
 Temple: D:4-7

Altars:

Annotations:
D:3 2 transporters
D:5 Ijyb


Innate Abilities, Weirdness & Mutations

You cannot wear most types of armour.
You are amphibious.
You can wear up to eight rings at the same time.
Your skin changes colour to match your surroundings (Stealth+).
Your rubbery body absorbs attacks. (AC +1, EV +1)
((You are camouflaged when in or above water. (Stealth+)))
You have tentacles for arms and can constrict up to eight enemies at once.


Message History

Ijyb screams, "Me stronger than you!"
Ijyb zaps a wand.
The bolt of light hits you!
You are confused.
The gnoll hits the gnoll with a +0 club.
It was a potion of attraction.
You feel attractive to monsters.
You feel less confused.
The gnoll is engulfed in noxious fumes.
The gnoll appears confused.
The gnoll hits you from afar with a +0 spear!
The sleepcap barely misses you. The gnoll is attracted toward you. x3
The orc is attracted toward you. The gnoll is attracted toward you. x3
Ijyb zaps a wand.
The bolt of light hits you.
The gnoll hits you from afar with a +0 spear.
* * * LOW HITPOINT WARNING * * *
The sleepcap releases spores at you!
* * * LOW HITPOINT WARNING * * *
Ijyb is attracted toward you. The gnoll is attracted toward you. x3
You feel much better.
The gnoll misses Ijyb.
Ijyb grins evilly.
Ijyb hits you with a +0 club.
* * * LOW HITPOINT WARNING * * *
The gnoll hits you from afar with a +0 spear.
* * * LOW HITPOINT WARNING * * *
The sleepcap barely misses you. The gnoll is attracted toward you. x2
Okay, then.
It was a potion of curing.
You feel better.
The gnoll hits the sleepcap with a +0 club.
The gnoll hits itself with a +0 club.
Ijyb misses you.
The gnoll hits you from afar with a +0 spear.
* * * LOW HITPOINT WARNING * * *
The sleepcap releases spores at you.
* * * LOW HITPOINT WARNING * * *
You are engulfed in a cloud of soporific spores!
You fall asleep.
The gnoll is attracted toward you.
Ijyb screams, "You nasty!
Big nasty!"
Ijyb zaps a wand.
The bolt of light hits you.
You wake up.
* * * LOW HITPOINT WARNING * * *
You block the gnoll's attack.
The gnoll hits you from afar with a +0 halberd!
You die...

.........g..#
#..##.g.####
#..###§§## #..##..§#
#.....#§## #.##)..§g#
#.g.gg# #.#gfg#
############
#..og@####..........#
#####...##..........#
####....##..........#
#........###.########
...............#
#...............#
...#####..<.....# ###
#.........###
#.....†.>.#


You could see a sleepcap, Ijyb, 6 gnolls and an orc.

Vanquished Creatures
  Eustachio (D:4)
  A black bear (D:4)
  An iguana (D:5)
  2 orc wizards
  4 gnolls (D:3)
  8 adders
  A ribbon worm (D:2)
  4 dart slugs
  9 orcs
  5 ball pythons
  2 endoplasms (D:1)
  A giant cockroach (D:2)
  5 goblins
  5 hobgoblins
  10 jackals
  A quokka (D:3)
  3 bats
  2 frilled lizards (D:1)
  4 kobolds
  3 rats
72 creatures vanquished.

Notes
Turn   | Place    | Note
-------+----------+-------------------------------------------
     0 | D:1      | Minsecho the Octopode Alchemist began the quest for the
                  | Orb.
     0 | D:1      | Reached XP level 1. HP: 11/11 MP: 3/3
   471 | D:1      | Reached XP level 2. HP: 17/17 MP: 0/5
   951 | D:1      | Reached skill level 4 in Alchemy
   988 | D:1      | Reached XP level 3. HP: 21/21 MP: 3/6
  1480 | D:2      | Identified the +6 spear of Impeachment {speed, Int+3 Dex+3}
  1572 | D:2      | Reached skill level 1 in Unarmed Combat
  1893 | D:2      | Reached XP level 4. HP: 27/27 MP: 7/7
  2207 | D:3      | Found a transporter.
  2366 | D:3      | Learned a level 2 spell: Mercury Vapours
  2370 | D:3      | Learned a level 3 spell: Mephitic Cloud
  2484 | D:3      | Found a transporter.
  2701 | D:3      | Reached skill level 1 in Fighting
  2705 | D:3      | Reached XP level 5. HP: 33/33 MP: 6/8
  3085 | D:4      | Noticed Eustachio
  3173 | D:4      | Killed Eustachio
  3174 | D:4      | Reached skill level 1 in Polearms
  3174 | D:4      | Reached skill level 1 in Shapeshifting
  3174 | D:4      | Reached XP level 6. HP: 38/38 MP: 2/10
  3260 | D:4      | Noticed a black bear
  3270 | D:4      | Killed a black bear
  3271 | D:4      | Reached skill level 5 in Alchemy
  3292 | D:4      | Learned a level 4 spell: Olgreb's Toxic Radiance
  3470 | D:4      | Identified the +3 robe "Qutynil" {Dex+6}
  3576 | D:4      | Reached XP level 7. HP: 9/44 MP: 2/11
  3742 | D:5      | Entered Level 5 of the Dungeon
  3777 | D:5      | Noticed Ijyb
  3791 | D:5      | HP: 2/44 [sleepcap (8)]
  3794 | D:5      | Mangled by a gnoll

Illustrated notes

Levels and vault maps discovered:
D:1:      minmay_arrival_widening_spiral_narrow, layout_basic
D:2:      kennysheep_big_flooded_room, layout_basic
D:3:      gammafunk_steamed_eel, layout_basic
D:4:      layout_rooms, eino_small_chamber_without_monster,
          guppyfry_early_lair_pool, uniq_eustachio
D:5:      layout_rooms, led_sif_book, uniq_ijyb

Skill      XL: |  1  2  3  4  5  6 |
---------------+-------------------+-----
Alchemy        | 4 5 |  5.1
Stealth        | 3 4 |  4.7
Unarmed Combat | 1 |  1.4
Fighting       | 1 |  1.9
Polearms       | 1 2 |  2.0
Shapeshifting  | 1 |  1.9
Throwing       | |  0.4
Dodging        | |  2.4
Spellcasting   | |  2.8
Conjurations   | |  1.8

Action                     |  1- 3 |  4- 6 |  7- 9 || total
---------------------------+-------+-------+-------++-------
  Melee: Unarmed           |    29 |       |       ||    29
         Constrict         |    11 |     9 |     3 ||    23
         Tentacles         |     4 |     7 |     3 ||    14
         Spear             |    14 |    74 |     8 ||    96
         Punch             |       |       |     1 ||     1
  Throw: Dart              |       |     6 |       ||     6
   Cast: Sting             |    31 |    32 |     1 ||    64
         Mephitic Cloud    |       |     2 |     2 ||     4
         Mercury Vapours   |       |     1 |       ||     1
    Use: Scroll            |       |     1 |     5 ||     6
         Potion            |       |       |     3 ||     3
   Stab: Sleeping          |     4 |     5 |     1 ||    10
         Confused          |       |     3 |     1 ||     4
 Armour: Skin              |    14 |    20 |    13 ||    47
  Dodge: Dodged            |    24 |    32 |     6 ||    62
  Block: Other             |       |     3 |     2 ||     5
